Map: Paladino Terminal LE

Players

Musumeci

  • Race: Zerg Zerg
  • League: Diamond
  • Spawn Location: 5:00

GrafHomer - Winner!

  • Race: Protoss Protoss
  • League: Diamond
  • Spawn Location: 9:00

VOD

Have the link to the VOD?

Description

Time

  • Played on: March 11, 2017, 5:42 a.m.
  • Length: 9:16
Show
View Real Time Build Order
Export as new Build Order

Musumeci Zerg 

Build Orders: Hatch First 

Get SALT Encoding   

  12  0:02  Drone  
  13  0:08  Drone  
  14  0:14  Extractor  
  14  0:16  Drone  
  15  0:41  Hatchery  
  14  0:48  Drone, Extractor  
  15  1:05  Spawning Pool  
  14  1:20  Overlord  
  13  1:54  Drone x4  
  13  1:55  Queen  
  13  1:58  Queen  
  21  2:03  Extractor  
  21  2:05  Drone  
  21  2:10  Drone  
  21  2:15  Drone  
  23  2:19  Drone  
  24  2:25  Drone  
  24  2:28  Overlord  
  25  2:41  Overlord  
  25  2:44  Drone  
  26  2:47  Drone  
  26  2:49  Drone  
  28  2:58  Queen, Zergling x2  
  29  3:02  Zergling x2  
  32  3:05  Metabolic Boost  
  32  3:16  Roach Warren  
  32  3:18  Drone  
  32  3:40  Drone x8  
  40  3:51  Overlord x2  
  40  3:58  Roach x2  
  44  4:20  Evolution Chamber  
  44  4:23  Evolution Chamber  
  43  4:27  Evolution Chamber x2  
  43  4:28  Zergling x2  
  43  4:29  Zergling x16  
  50  4:35  Spore Crawler  
  49  4:39  Spore Crawler  
  48  4:57  Overlord  
  48  4:59  Overlord  
  48  5:10  Drone x6  
  54  5:24  Hatchery  
  53  5:37  Drone  
  53  5:38  Drone x7  
  53  5:41  Lair  
  61  5:44  Extractor  
  61  5:45  Extractor  
  61  5:47  Extractor  
  58  5:54  Spore Crawler  
  57  5:59  Spore Crawler  
  54  6:06  Drone x3  
  54  6:07  Drone  
  57  6:15  Spore Crawler  
  53  6:24  Queen  
  51  6:47  Overlord x3  
  51  6:48  Overlord  
  51  7:05  Queen  
  51  7:18  Drone x14  
  51  7:19  Drone x2  
  60  7:43  Roach  
  60  7:44  Roach x9  
  80  7:48  Glial Reconstitution  
  80  7:49  Hydralisk Den  
  66  8:29  Roach x10  
  66  8:30  Hydralisk x3  
  71  8:42  Hydralisk  
  71  8:43  Hydralisk x4  
Show
View Real Time Build Order
Export as new Build Order

GrafHomer Protoss - Winner!

Build Orders:  

Get SALT Encoding   

  12  0:02  Probe (Chrono Boost)  
  13  0:12  Probe (Chrono Boost)  
  14  0:19  Pylon  
  14  0:23  Probe (Chrono Boost)  
  15  0:37  Probe (Chrono Boost)  
  16  0:48  Probe (Chrono Boost)  
  17  1:07  Probe (Chrono Boost)  
  18  1:18  Probe (Chrono Boost)  
  19  1:25  Gateway  
  19  1:32  Probe (Chrono Boost)  
  20  1:36  Nexus  
  20  1:43  Probe (Chrono Boost)  
  20  1:46  Gateway  
  21  1:53  Probe (Chrono Boost)  
  22  1:55  Gateway  
  22  2:00  Assimilator  
  22  2:04  Probe (Chrono Boost)  
  23  2:09  Assimilator  
  23  2:15  Cybernetics Core  
  23  2:26  Pylon  
  23  2:46  Probe (Chrono Boost)  
  23  2:47  Warp Gate  
  23  2:48  Probe (Chrono Boost)  
  23  2:49  Adept  
  23  2:50  Adept x2  
  32  2:58  Probe (Chrono Boost)  
  32  2:59  Probe (Chrono Boost)  
  32  3:05  Pylon  
  33  3:10  Probe (Chrono Boost)  
  35  3:13  Probe (Chrono Boost)  
  35  3:23  Probe (Chrono Boost)  
  35  3:24  Probe (Chrono Boost)  
  37  3:28  Assimilator  
  37  3:32  Assimilator  
  37  3:33  Stargate  
  38  3:35  Probe (Chrono Boost)  
  38  3:37  Probe (Chrono Boost)  
  39  3:48  Probe (Chrono Boost)  
  42  3:49  Mothership Core (Chrono Boost)  
  42  3:58  Probe (Chrono Boost)  
  42  4:02  Gateway  
  43  4:09  Probe x2 (Chrono Boost)  
  45  4:13  Phoenix  
  45  4:14  Stargate  
  47  4:22  Pylon  
  47  4:23  Probe x2 (Chrono Boost)  
  49  4:28  Pylon  
  49  4:35  Probe x2 (Chrono Boost)  
  49  4:36  Phoenix  
  53  4:55  Phoenix  
  55  5:01  Phoenix  
  55  5:02  Adept x3  
  64  5:07  Probe (Chrono Boost)  
  64  5:16  Phoenix  
  64  5:20  Probe x2 (Chrono Boost)  
  68  5:23  Phoenix  
  70  5:35  Pylon  
  70  5:46  Nexus  
  70  5:49  Phoenix x2  
  70  5:54  Probe x2 (Chrono Boost)  
  76  6:11  Phoenix  
  78  6:32  Fleet Beacon  
  78  6:55  Phoenix x2  
  78  6:58  Pylon  
  78  7:00  Pylon  
  82  7:03  Stargate x2, Pylon  
  82  7:04  Probe (Chrono Boost)  
  82  7:05  Pylon  
  82  7:06  Probe x2 (Chrono Boost)  
  85  7:15  Probe (Chrono Boost)  
  86  7:18  Probe x2 (Chrono Boost)  
  86  7:37  Adept x4, Phoenix x2  
  85  7:41  Probe x2 (Chrono Boost)  
  85  7:43  Anion Pulse-Crystals  
  99  7:45  Pylon  
  97  8:02  Adept x2  
  97  8:03  Adept x2  
  105  8:37  Probe (Chrono Boost)  
  105  8:39  Probe x2 (Chrono Boost)  
  126  8:48  Phoenix  
Tags
 
Add a new tag
Caveats
  • Supply blocks, unpowered buildings, or Contaminate may cause inaccurate times.
  • Supply counts are checked every 10 seconds.